 Dungeon Sprint DCSS version 0.17-a0-945-g601bd79 (webtiles) character file.

17903 ahoge the Bludgeoner (level 12, -11/88 HPs)
             Began as a Gargoyle Fighter on May 6, 2015.
             Was a High Priest of Okawaru.
             Mangled by a stone giant zombie (21 damage)
             ... animated by a necromancer
             ... in the Dungeon (Sprint IX: "|||||||||||||||||||||||||||||").
             The game lasted 00:15:32 (2031 turns).

ahoge the Bludgeoner (Gargoyle Fighter)             Turns: 2031, Time: 00:15:32

Health: -11/88     AC: -3    Str: 20    XL:     12   Next: 52%
Magic:  20/20      EV: 19    Int: 10    God:    Okawaru [*****.]
Gold:   1780       SH: 13    Dex: 13    Spells: 0 memorised, 11 levels left

rFire  . . .     SeeInvis +     q - +2 morningstar (protect)
rCold  . . .     Clarity  .     B - +2 leather armour {rN+}
rNeg   + + .     SustAb   .     c - +0 shield
rPois  ∞         Gourm    .     H - +1 helmet
rElec  +         Spirit   .     s - +0 cloak
rCorr  .         Warding  .     y - +0 pair of gloves
rMut   .         NoTele   +     r - +0 pair of boots
MR     .....                    (no amulet)
Stlth  ++........               v - +2 ring of evasion
                                E - ring of see invisible

@: finesse, corroded equipment, starving, not resistant to hostile enchantments,
unstealthy
A: negative energy resistance 1, electricity resistance, unbreathing,
petrification resistance, rot immunity, AC +8
a: Heroism, Finesse, Renounce Religion


You were in the Dungeon.
You worshipped Okawaru.
Okawaru was extremely pleased with you.
You were starving.

You visited 1 branch You collected 1900 gold pieces.
You spent 120 gold pieces at shops.

Inventory:

Hand weapons
 q - a +2 morningstar of protection (weapon)
 F - a +3 dire flail
Armour
 c - a +0 shield (worn)
 r - a +0 pair of boots (worn)
 s - a +0 cloak (worn)
 y - a +0 pair of gloves (worn)
 B - a +2 leather armour of positive energy (worn)
 G - the +1 ring mail "Boteg" {Str+3}
   (You found it in the Dungeon)

   It affects your strength (+3).
 H - a +1 helmet (worn)
 I - a +1 large shield
Jewellery
 l - an uncursed ring of protection from fire
 u - a +3 ring of intelligence
 v - a +2 ring of evasion (right hand)
 D - an uncursed ring of ice
 E - a ring of see invisible (left hand)
Magical devices
 p - a wand of draining (7)
Scrolls
 a - 2 scrolls of identify
 b - 2 scrolls of fog
 k - 4 scrolls of blinking
 n - 4 scrolls of remove curse
 o - 2 scrolls of amnesia
 w - a scroll of brand weapon
 C - 2 scrolls of recharging
 J - 2 scrolls of enchant armour
 K - 2 scrolls of enchant weapon
Potions
 d - 3 potions of might
 f - 8 potions of curing
 h - 2 potions of haste
 i - 4 potions of magic
 j - a potion of berserk rage
 m - a potion of invisibility
 t - 2 potions of agility
 A - a potion of cure mutation
Comestibles
 e - 13 bread rations
 x - 40 fruits
 z - 12 meat rations


   Skills:
 + Level 15.7 Fighting
 + Level 17.1 Maces & Flails
 + Level 8.7 Armour
 + Level 10.6 Dodging
 + Level 3.2 Stealth
 + Level 14.2 Shields
 + Level 11.2 Invocations


You had 11 spell levels left.
You didn't know any spells.

Dungeon Overview and Level Annotations

Branches:
Dungeon (1/1)

Altars:
Cheibriados
Dithmenos
Elyvilon
Fedhas
Gozag
Kikubaaqudgha
Makhleb
Nemelex Xobeh
Okawaru
Qazlal
Ru
Sif Muna
Trog
Vehumet
Xom
Yredelemnul
Zin
The Shining One
Beogh
Jiyva
Lugonu

Shops:
D *=**


Innate Abilities, Weirdness & Mutations

You are resistant to torment.
Your stone body is resilient (AC +8).
You are immune to poison.
You resist negative energy.
You are resistant to electric shocks.
You can survive without breathing.
You are immune to petrification.
You are immune to rotting.


Message History

The yaktaur is almost dead.
The stone giant zombie hits you!
* * * LOW HITPOINT WARNING * * *
You barely miss the yaktaur.
The yaktaur is almost dead.
You hit the yaktaur but do no damage.
The yaktaur is almost dead.
The yaktaur hits you.
* * * LOW HITPOINT WARNING * * *
You puncture the yaktaur!
You kill the yaktaur!
Okawaru accepts your kill. The stone giant zombie misses you.
You hit the adder zombie but do no damage.
You barely miss the adder zombie.
You hit the adder zombie but do no damage.
The adder zombie barely misses you.
You hit the adder zombie but do no damage.
The stone giant zombie hits you!!
You die...

▓(▓.▓.▓.▓.▓.▓
▓(▓.▓.▓.▓)▓.▓.▓
▓.▓.▓'▓.▓)▓.▓.▓
▓.▓.▓.▓.▓)▓.▓.▓
▓.▓.▓)▓.▓∩▓.▓.▓
▓.▓.▓.▓.▓.▓.▓.▓
▓.▓.▓.▓.▓∩▓.▓p▓
▓)▓.▓.▓.▓=▓.▓Z▓
▓.▓.▓.▓)▓∩▓.▓@▓
▓.▓.▓.▓.▓)▓.▓Z▓
▓.▓.▓.▓.▓∩▓.▓Z▓
▓.▓.▓.▓.▓)▓.▓Z▓
▓[▓.▓.▓.▓)▓.▓Z▓
▓)▓.▓.▓.▓)▓.▓Z▓
▓|▓.▓.▓.▓)▓.▓Z▓
▓.▓.▓%▓.▓)▓.▓.▓
▓.▓.▓.▓.▓)▓.▓.▓


You could see an entropy weaver, an adder zombie, 2 giant frog zombies, a kobold
zombie, an orc zombie, a hill giant zombie and a stone giant zombie.

Vanquished Creatures
  Gastronok (D)
  A stone giant (D)
  An ettin (D)
  A hydra (D)
  Erica (D)
  Erolcha (D)
  A centaur warrior (D)
  An unseen horror (D)
  2 hill giants (D)
  A necromancer (D)
  A wizard (D)
  2 orc knights (D)
  6 orc sorcerers (D)
  A rust devil (D)
  2 spiny frogs (D)
  A yaktaur (D)
  A kobold demonologist (D)
  2 komodo dragons (D)
  A slime creature (D)
  2 trapdoor spiders (D)
  A basilisk (D)
  Eustachio (D)
  2 hippogriffs (D)
  5 wolves (D)
  A warg (D)
  2 hell hounds (D)
  11 orc warriors (D)
  A sky beast (D)
  A porcupine (D)
  5 giant frogs (D)
  2 jellies (D)
  An iguana (D)
  5 orc priests (D)
  9 orc wizards (D)
  3 worker ants (D)
  2 sheep (D)
  An adder (D)
  4 river rats (D)
  7 orcs (D)
  2 bats (D)
  A giant cockroach (D)
  3 hobgoblins (D)
  A kobold (D)
  A giant newt (D)
  2 rats (D)
104 creatures vanquished.

Vanquished Creatures (others)
  An ogre mage (D)
1 creature vanquished.

Grand Total: 105 creatures vanquished

Notes
Turn   | Place    | Note
--------------------------------------------------------------
     0 | D        | ahoge, the Gargoyle Fighter, began the quest for the Orb.
     0 | D        | Reached XP level 1. HP: 14/14 MP: 1/1
     9 | D        | Reached skill level 4 in Fighting
    22 | D        | Noticed a sky beast
    24 | D        | Reached XP level 2. HP: 18/20 MP: 2/2
    50 | D        | Killed a sky beast
    50 | D        | Reached skill level 6 in Fighting
    50 | D        | Reached XP level 3. HP: 15/28 MP: 3/3
    50 | D        | Reached XP level 4. HP: 17/32 MP: 4/4
    62 | D        | Found a glowing silver altar of Zin.
    62 | D        | Found a glowing golden altar of the Shining One.
    62 | D        | Found an ancient bone altar of Kikubaaqudgha.
    62 | D        | Found a basalt altar of Yredelemnul.
    62 | D        | Found a shimmering altar of Xom.
    62 | D        | Found a radiant altar of Vehumet.
    63 | D        | Found an iron altar of Okawaru.
    64 | D        | Found a burning altar of Makhleb.
    65 | D        | Found a deep blue altar of Sif Muna.
    66 | D        | Found a bloodstained altar of Trog.
    67 | D        | Found a sparkling altar of Nemelex Xobeh.
    68 | D        | Found a white marble altar of Elyvilon.
    69 | D        | Found a roughly hewn altar of Beogh.
    70 | D        | Found a viscous altar of Jiyva.
    71 | D        | Became a worshipper of Warmaster Okawaru
    72 | D        | Found a corrupted altar of Lugonu.
    73 | D        | Found a blossoming altar of Fedhas.
    74 | D        | Found a snail-covered altar of Cheibriados.
    75 | D        | Found a shadowy altar of Dithmenos.
    76 | D        | Found a stormy altar of Qazlal.
    77 | D        | Found an opulent altar of Gozag.
    78 | D        | Found a sacrificial altar of Ru.
   200 | D        | Noticed a worker ant
   200 | D        | Noticed a worker ant
   200 | D        | Noticed a worker ant
   211 | D        | Killed a worker ant
   211 | D        | Reached skill level 1 in Dodging
   211 | D        | Reached XP level 5. HP: 35/37 MP: 5/5
   218 | D        | Killed a worker ant
   218 | D        | Reached skill level 7 in Fighting
   224 | D        | Killed a worker ant
   237 | D        | Noticed a jelly
   237 | D        | Noticed a slime creature
   237 | D        | Noticed a komodo dragon
   237 | D        | Noticed a centaur warrior
   239 | D        | Noticed a trapdoor spider
   248 | D        | Killed a trapdoor spider
   248 | D        | Reached skill level 8 in Fighting
   248 | D        | Reached XP level 6. HP: 24/45 MP: 6/6
   265 | D        | Killed a centaur warrior
   265 | D        | Acquired Okawaru's first power
   265 | D        | Reached skill level 10 in Fighting
   265 | D        | Reached skill level 5 in Dodging
   265 | D        | Reached skill level 10 in Shields
   265 | D        | Reached XP level 7. HP: 20/52 MP: 7/7
   265 | D        | Reached XP level 8. HP: 21/57 MP: 8/8
   274 | D        | Killed a komodo dragon
   280 | D        | Killed a slime creature
   285 | D        | Killed an unseen horror
   285 | D        | Reached skill level 11 in Fighting
   285 | D        | Reached skill level 10 in Maces & Flails
   285 | D        | Reached skill level 1 in Stealth
   285 | D        | Reached XP level 9. HP: 19/64 MP: 9/9
   291 | D        | Killed a jelly
   296 | D        | Killed a jelly
   548 | D        | Noticed a basilisk
   548 | D        | Noticed a hippogriff
   548 | D        | Noticed a porcupine
   548 | D        | Noticed an iguana
   548 | D        | Noticed a hippogriff
   554 | D        | Noticed a spiny frog
   561 | D        | Killed a hippogriff
   565 | D        | Killed an iguana
   566 | D        | Killed a porcupine
   571 | D        | Killed a hippogriff
   576 | D        | Killed a basilisk
   576 | D        | Reached skill level 1 in Invocations
   581 | D        | Killed a spiny frog
   606 | D        | Noticed a spiny frog
   606 | D        | Noticed a giant frog
   606 | D        | Noticed a komodo dragon
   606 | D        | Noticed a giant frog
   608 | D        | Killed a giant frog
   613 | D        | Noticed an eight-headed hydra
   618 | D        | Killed a komodo dragon
   618 | D        | Acquired Okawaru's second power
   618 | D        | Reached skill level 12 in Fighting
   621 | D        | Noticed a giant frog
   634 | D        | Killed an eight-headed hydra
   634 | D        | Reached XP level 10. HP: 22/72 MP: 3/11
   644 | D        | Killed a spiny frog
   647 | D        | Killed a giant frog
   652 | D        | Killed a giant frog
   652 | D        | Received a gift from Okawaru
   826 | D        | Noticed a wolf
   826 | D        | Noticed a hell hound
   826 | D        | Noticed a wolf
   826 | D        | Noticed a warg
   826 | D        | Noticed a wolf
   826 | D        | Noticed a wolf
   829 | D        | Noticed a wolf
   836 | D        | Killed a wolf
   843 | D        | Killed a warg
   844 | D        | Noticed a hell hound
   845 | D        | Killed a hell hound
   855 | D        | Killed a hell hound
   856 | D        | Killed a wolf
   860 | D        | Killed a wolf
   860 | D        | Reached skill level 13 in Maces & Flails
   862 | D        | Killed a wolf
   869 | D        | Killed a wolf
   943 | D        | Noticed Eustachio
   951 | D        | Killed Eustachio
  1040 | D        | Noticed an orc priest
  1040 | D        | Noticed an orc warrior
  1040 | D        | Noticed an orc warrior
  1040 | D        | Noticed an orc priest
  1040 | D        | Noticed an orc warrior
  1045 | D        | Killed an orc warrior
  1046 | D        | Noticed an orc wizard
  1048 | D        | Killed an orc warrior
  1049 | D        | Noticed an orc priest
  1055 | D        | Noticed an orc wizard
  1055 | D        | Killed an orc warrior
  1058 | D        | Killed an orc priest
  1061 | D        | Killed an orc priest
  1065 | D        | Killed an orc wizard
  1069 | D        | Killed an orc priest
  1071 | D        | Killed an orc wizard
  1130 | D        | Noticed an orc warrior
  1130 | D        | Noticed an orc warrior
  1130 | D        | Noticed an orc warrior
  1130 | D        | Noticed an orc warrior
  1130 | D        | Noticed an orc warrior
  1138 | D        | Noticed an orc warrior
  1141 | D        | Killed an orc warrior
  1143 | D        | Noticed an orc knight
  1147 | D        | Noticed an orc warrior
  1150 | D        | Killed an orc warrior
  1150 | D        | Reached skill level 5 in Invocations
  1151 | D        | Noticed an orc priest
  1153 | D        | Killed an orc warrior
  1157 | D        | Killed an orc warrior
  1158 | D        | Noticed an orc priest
  1159 | D        | Noticed an orc warrior
  1169 | D        | Killed an orc warrior
  1175 | D        | Killed an orc warrior
  1185 | D        | Killed an orc knight
  1185 | D        | Reached XP level 11. HP: 48/78 MP: 9/15
  1189 | D        | Killed an orc warrior
  1196 | D        | Killed an orc warrior
  1197 | D        | Killed an orc priest
  1206 | D        | Killed an orc priest
  1286 | D        | Found Noatt's Assorted Antiques.
  1286 | D        | Noticed an orc wizard
  1286 | D        | Noticed an orc sorcerer
  1286 | D        | Noticed an orc sorcerer
  1286 | D        | Noticed an orc sorcerer
  1286 | D        | Noticed an orc wizard
  1288 | D        | Noticed an orc sorcerer
  1291 | D        | Killed an orc sorcerer
  1291 | D        | Reached skill level 14 in Maces & Flails
  1292 | D        | Noticed an orc wizard
  1295 | D        | Killed an orc sorcerer
  1295 | D        | Received a gift from Okawaru
  1296 | D        | Found Xauqesy's Assorted Antiques.
  1299 | D        | Killed an orc sorcerer
  1306 | D        | Killed an orc sorcerer
  1309 | D        | Killed an orc wizard
  1310 | D        | Found Xel Qabe's Jewellery Boutique.
  1310 | D        | Noticed an orc sorcerer
  1316 | D        | Killed an orc wizard
  1317 | D        | Noticed an orc wizard
  1323 | D        | Noticed an orc wizard
  1330 | D        | Noticed a sun demon
  1333 | D        | Killed an orc sorcerer
  1334 | D        | Killed an orc wizard
  1336 | D        | Killed an orc wizard
  1336 | D        | Found Eklil's General Store.
  1338 | D        | Killed an orc wizard
  1341 | D        | Noticed an orc sorcerer
  1342 | D        | Noticed an orc wizard
  1343 | D        | Noticed an orc wizard
  1350 | D        | Killed an orc sorcerer
  1352 | D        | Killed an orc wizard
  1357 | D        | Killed an orc wizard
  1415 | D        | Bought a large pearl ring for 120 gold pieces
  1441 | D        | Noticed Erica
  1445 | D        | Noticed Gastronok
  1453 | D        | Killed Erica
  1453 | D        | Reached skill level 15 in Maces & Flails
  1464 | D        | Killed Gastronok
  1763 | D        | Noticed Erolcha
  1789 | D        | Killed Erolcha
  1855 | D        | Got the +1 ring mail "Boteg" {Str+3}
  1897 | D        | Noticed a giant frog
  1897 | D        | Noticed a kobold demonologist
  1897 | D        | Noticed a hill giant
  1897 | D        | Noticed a hill giant
  1897 | D        | Noticed a giant frog
  1898 | D        | Noticed an orc knight
  1906 | D        | Noticed a trapdoor spider
  1907 | D        | Killed a giant frog
  1911 | D        | Killed a hill giant
  1911 | D        | Reached skill level 10 in Dodging
  1911 | D        | Reached skill level 10 in Invocations
  1911 | D        | Reached XP level 12. HP: 77/86 MP: 12/19
  1918 | D        | Killed a hill giant
  1918 | D        | Reached skill level 16 in Maces & Flails
  1919 | D        | Noticed a stone giant
  1922 | D        | Noticed an ogre mage
  1940 | D        | Killed a kobold demonologist
  1945 | D        | Killed a giant frog
  1953 | D        | Noticed a necromancer
  1956 | D        | Killed an orc knight
  1956 | D        | Received a gift from Okawaru
  1958 | D        | Noticed a wizard
  1965 | D        | Noticed an ettin
  1968 | D        | Killed a stone giant
  1968 | D        | Reached skill level 15 in Fighting
  1969 | D        | Noticed a yaktaur
  1975 | D        | Killed a trapdoor spider
  1978 | D        | Killed an ogre mage
  1984 | D        | Killed a necromancer
  1985 | D        | Noticed an entropy weaver
  1990 | D        | Killed a wizard
  1998 | D        | Killed an ettin
  1998 | D        | Reached skill level 17 in Maces & Flails
  2027 | D        | Killed a yaktaur
  2031 | D        | Mangled by a stone giant zombie

Action                   |  1- 3 |  4- 6 |  7- 9 | 10-12 || total
-------------------------+-------+-------+-------+-------++-------
Melee: Flail             |    36 |     2 |       |       ||    38
       Morningstar       |       |    50 |    89 |   370 ||   509
Invok: Heroism           |       |       |     3 |     8 ||    11
       Finesse           |       |       |     1 |     7 ||     8
  Use: Potion            |       |       |     2 |     3 ||     5
       Scroll            |       |       |       |     3 ||     3
  Eat: Chunk             |       |       |       |     4 ||     4
